 Dungeon Crawl Stone Soup version 0.30.1-11-g7821555f0a (webtiles) character file.

Game seed: 15453021948977856720

1549 KittyFluff the Covered (level 8, -3/50 HPs)
             Began as a Gargoyle Berserker on Nov 16, 2023.
             Was an Elder of Trog.
             Killed from afar by an orc warrior (6 damage)
             ... with a bolt of dispelling energy
             ... on level 6 of the Dungeon.
             The game lasted 00:22:21 (5199 turns).

KittyFluff the Covered (Gargoyle Berserker)         Turns: 5199, Time: 00:22:21

Health: -3/50      AC: 18    Str: 24    XL:     8   Next: 87%
Magic:  8/8        EV: 12    Int:  7    God:    Trog [****..]
Gold:   330        SH:  0    Dex:  9    Spells: 7/7 levels left

rFire   . . .        a - +0 mace
rCold   . . .        (no shield)
rNeg    + . .        F - +3 leather armour
rPois   ∞            j - +2 helmet
rElec   +            t - +0 cloak
rCorr   .            f - +0 pair of gloves
SInv    .            (no boots)
Will    .....        (no amulet)
Stlth   ++           B - ring of flight
HPRegen 0.28/turn    (no ring)
MPRegen 0.11/turn

%: no passive effects
@: flying
A: sickness immunity, AC +5, negative energy resistance 1, electricity
resistance, torment resistance 1, petrification resistance
a: Renounce Religion, Berserk, Trog's Hand, Brothers in Arms


You were on level 6 of the Dungeon.
You worshipped Trog.
Trog was greatly pleased with you.
You visited 1 branch of the dungeon, and saw 6 of its levels.
You also visited: Ossuary.

You collected 462 gold pieces.
You spent 132 gold pieces at shops.

Inventory:

Hand Weapons
 a - a +0 mace (weapon)
 q - a +0 quarterstaff
 r - a +2 quarterstaff of chaos
 v - a +0 sling
Missiles
 x - 5 poisoned darts (quivered)
Armour
 f - a +0 pair of gloves (worn)
 j - a +2 helmet (worn)
 t - a +0 cloak (worn)
 C - a +0 tower shield
 D - a +1 robe of fire resistance
 F - a +3 leather armour (worn)
Jewellery
 B - a ring of flight (left hand)
Wands
 A - a wand of charming (5)
Scrolls
 b - a scroll of identify
 c - a scroll of blinking {unknown}
 e - 3 scrolls of vulnerability {unknown}
 h - a scroll of enchant armour {unknown}
 i - 4 scrolls of teleportation
 k - 2 scrolls of fear
 m - 2 scrolls of noise {unknown}
 n - a scroll of poison {unknown}
 p - a scroll of fog {unknown}
 s - a scroll of acquirement {unknown}
 u - a scroll of summoning {unknown}
 y - a scroll of magic mapping {unknown}
 E - 2 scrolls of immolation {unknown}
Potions
 d - 5 potions of lignification
 g - 2 potions of haste
 l - 5 potions of curing
 o - 5 potions of mutation
 w - a potion of cancellation
 z - a potion of flight


   Skills:
 + Level 5.4 Fighting
 * Level 6.3 Maces & Flails
 * Level 6.5 Armour
 + Level 3.6 Dodging
 + Level 4.4 Stealth
 + Level 2.3 Shields


You had 7 spell levels left.
You didn't know any spells.
Your spell library was empty.

Dungeon Overview and Level Annotations

Branches:
Dungeon (6/15)             Temple (0/1) D:5         Ossuary (visited)

Altars:
The Shining One

Shops:
D:1 ?


Innate Abilities, Weirdness & Mutations

You are immune to sickness and miasma.
Your stone body is resilient. (AC +5)
You are immune to poison.
You resist negative energy. (rN+)
You are resistant to electric shocks. (rElec)
You are resistant to unholy torment.
You are immune to petrification.


Message History

You hit the orc warrior but do no damage.
The orc warrior is moderately wounded.
The orc warrior hits you but does no damage.
You hit the orc warrior but do no damage.
The orc warrior is moderately wounded.
The orc warrior barely misses you.
You barely miss the orc warrior.
The orc warrior is moderately wounded.
The orc warrior hits you but does no damage.
You hit the orc warrior but do no damage.
The orc warrior is moderately wounded.
The orc warrior barely misses you.
You hit the orc warrior.
The orc warrior is moderately wounded.
The orc warrior hits you with a +0 mace.
You hit the orc warrior but do no damage.
The orc warrior is moderately wounded.
The orc warrior hits you but does no damage.
You barely miss the orc warrior.
The orc warrior is moderately wounded.
The orc warrior hits you with a +0 mace.
You hit the orc warrior.
The orc warrior is moderately wounded.
The orc warrior zaps a wand.
The bolt of dispelling energy misses you.
You hit the orc warrior but do no damage.
The orc warrior is moderately wounded.
The orc warrior hits you but does no damage.
You hit the orc warrior but do no damage.
The orc warrior is moderately wounded.
The orc warrior misses you. The orc warrior closely misses you.
You closely miss the orc warrior.
The orc warrior is moderately wounded.
The orc warrior zaps a wand.
The bolt of dispelling energy hits you!!
* * * LOW HITPOINT WARNING * * *
You closely miss the orc warrior.
The orc warrior is moderately wounded.
The orc warrior zaps a wand.
The bolt of dispelling energy hits you.
You die...

[....######## ............##
......##.....######
......##.##.......# ##.##
.........##..####.# #...#
#...#.#####....##.# #...# ##
...............##.# #...##.#
..................####...#.#
........###...#.@o........#
.............)...........##
........##.....##.........#
........##.....##.####...#.#
..................# #...#
##.###..###### #...#
#######.###..# #...#
.....).......# ##.##
#######################.####


You could see an orc warrior.

Vanquished Creatures
  A water moccasin (D:5)
  A sky beast (D:6)
  An ice beast (D:5)
  Blork the orc (D:4)
  3 scorpions
  A bullfrog (D:6)
  2 water moccasin zombies (Ossuary)
  4 jellies
  3 hounds
  2 orc priests (D:3)
  Crazy Yiuf (D:3)
  5 iguanas
  Jessica (D:3)
  Ijyb (D:4)
  3 orc wizards
  2 mummies (Ossuary)
  Robin (D:2)
  10 adders
  2 white imps
  2 adder zombies (Ossuary)
  2 worms
  4 dart slugs
  10 orcs
  10 ball pythons
  7 endoplasms
  6 giant cockroaches
  5 gnoll zombies (Ossuary)
  14 goblins
  14 hobgoblins
  4 jackals (D:2)
  3 quokkas
  6 bats
  2 frilled lizards
  2 hobgoblin zombies (Ossuary)
  5 kobolds
  5 kobold zombies (Ossuary)
  6 orc zombies (Ossuary)
  3 rats
155 creatures vanquished.

Notes
Turn   | Place    | Note
-------+----------+-------------------------------------------
     0 | D:1      | KittyFluff the Gargoyle Berserker began the quest for the
                  | Orb.
     0 | D:1      | Reached XP level 1. HP: 14/14 MP: 1/1
   134 | D:1      | Reached XP level 2. HP: 19/19 MP: 2/2
   415 | D:1      | Found Jilig's Magic Scroll Emporium.
   540 | D:1      | Reached XP level 3. HP: 12/23 MP: 3/3
   736 | D:1      | Reached skill level 1 in Stealth
   770 | D:1      | Bought a scroll of teleportation for 36 gold pieces
   770 | D:1      | Bought a scroll of identify for 24 gold pieces
   770 | D:1      | Bought a scroll of identify for 24 gold pieces
   770 | D:1      | Bought a scroll of fear for 48 gold pieces
   947 | D:2      | Reached XP level 4. HP: 28/28 MP: 4/4
   990 | D:2      | Reached ** piety under Trog
  1001 | D:2      | Noticed Robin
  1030 | D:2      | Killed Robin
  1364 | D:3      | Noticed Jessica
  1372 | D:3      | Reached XP level 5. HP: 33/33 MP: 5/5
  1376 | D:3      | Killed Jessica
  1545 | D:3      | Found a runed translucent door.
  1546 | D:3      | Noticed Crazy Yiuf
  1552 | D:3      | Killed Crazy Yiuf
  1808 | D:3      | Reached XP level 6. HP: 17/38 MP: 6/6
  2335 | D:4      | Found a sand-covered staircase.
  2339 | Ossuary  | Entered an ossuary
  2364 | Ossuary  | Reached *** piety under Trog
  2616 | Ossuary  | Reached XP level 7. HP: 21/44 MP: 7/7
  2796 | D:4      | Noticed Ijyb
  2811 | D:4      | Killed Ijyb
  2824 | D:4      | Reached skill level 5 in Maces & Flails
  2941 | D:4      | Noticed Blork the orc
  2964 | D:4      | Killed Blork the orc
  2965 | D:4      | Reached skill level 5 in Armour
  3443 | D:5      | Entered Level 5 of the Dungeon
  3460 | D:4      | Reached **** piety under Trog
  3876 | D:5      | Reached skill level 1 in Shields
  3876 | D:5      | Reached XP level 8. HP: 42/48 MP: 8/8
  3910 | D:5      | Found a staircase to the Ecumenical Temple.
  3995 | D:5      | Reached skill level 5 in Fighting
  4688 | D:5      | Found a glowing golden altar of the Shining One.
  5199 | D:6      | Killed from afar by an orc warrior

Illustrated notes

Levels and vault maps discovered:
D:1:      tarquinn_simple_flora_water_d, layout_loops_ring, serial_shops,
          shop_coins
D:2:      layout_rooms, uniq_robin
D:3:      layout_loops_ring, uniq_jessica, uniq_crazy_yiuf_cottage
D:4:      layout_basic, enter_ossuary_5, uniq_blork_the_orc, uniq_ijyb
D:5:      minmay_razor_zed, layout_cave_pools,
          mainiacjoe_overflow_concentric_impassable, minmay_temple_entry_hall
D:6:      layout_loops_cross

Skill      XL: |  1  2  3  4  5  6  7  8 |
---------------+-------------------------+-----
Stealth        | 1 2 3 4 |  4.4
Armour         | 3 4 5 6 |  6.5
Dodging        | 2 3 |  3.6
Maces & Flails | 4 5 6 |  6.3
Fighting       | 4 5 |  5.4
Shields        | 1 2 |  2.3

Action                     |  1- 3 |  4- 6 |  7- 9 || total
---------------------------+-------+-------+-------++-------
  Melee: Mace              |   102 |   275 |   318 ||   695
         Punch             |     1 |     5 |     3 ||     9
 Invoke: Berserk           |       |     2 |     1 ||     3
    Use: Scroll            |     3 |     3 |     1 ||     7
   Stab: Sleeping          |     1 |     2 |     1 ||     4
 Armour: Animal skin       |    49 |    29 |       ||    78
         Leather armour    |       |    97 |   157 ||   254
  Dodge: Dodged            |    79 |   170 |   188 ||   437
